 Dungeon Crawl Stone Soup version 0.31-a0-596-g831eee08f1 (webtiles) character file.

Game seed: 15118146810084975604

12340 thirtiethelement the Cleaver (level 11, -16/91 HPs)
             Began as a Demonspawn Cinder Acolyte on Aug 21, 2023.
             Was a Believer of Ignis.
             Demolished by a very large slime creature (44 damage)
             ... on level 12 of the Dungeon.
             The game lasted 00:33:18 (13276 turns).

thirtiethelement the Cleaver (DsCA)                Turns: 13276, Time: 00:33:19

Health: -16/91     AC: 31    Str: 23    XL:     11   Next: 61%
Magic:  20/20      EV: 14    Int: 15    God:    Ignis [**....]
Gold:   146        SH:  5    Dex: 10    Spells: 20/22 levels left

rFire   + . .        h - +3 war axe (freeze)
rCold   . . .        (no shield)
rNeg    . . .        I - +8 chain mail "Ribukea" {Dex+3}
rPois   +            (helmet restricted)
rElec   +            p - +0 cloak
rCorr   .            N - +0 pair of gloves
SInv    .            (no boots)
Will    .....        Q - amulet of reflection Stlth
                     a - +4 ring of slaying
HPRegen 0.35/turn    y - +5 ring of evasion
MPRegen 0.17/turn

%: reflection
@: fiery-armoured
A: antennae 1, molten scales 2, demonic guardian 1, powered by pain 1, poison
resistance, robust 1, screaming 1, electricity resistance, strong 1
a: Renounce Religion, Fiery Armour, Foxfire Swarm, Rising Flame


You were on level 12 of the Dungeon.
You worshipped Ignis.
Ignis was pleased with you.
You visited 1 branch of the dungeon, and saw 12 of its levels.
You also visited: Sewer and Ossuary.

You collected 596 gold pieces.
You spent 450 gold pieces at shops.

Inventory:

Hand Weapons
 h - a +3 war axe of freezing (weapon)
 P - the +7 trident of Bugoqast {antimagic, Will+ Str+4 SInv}
   (You found it on level 10 of the Dungeon)

   Str+4:     It affects your strength (+4).
   Will+:     It increases your willpower.
   SInv:      It lets you see invisible.
Missiles
 e - 14 boomerangs (quivered)
Armour
 c - a scarf of invisibility
 p - a +0 cloak (worn)
 w - a +1 robe of willpower
 I - the +8 chain mail "Ribukea" (worn) {Dex+3}
   (You found it in an ossuary)

   Dex+3:     It affects your dexterity (+3).
 N - a +0 pair of gloves (worn)
Jewellery
 a - a +4 ring of slaying (left hand)
 b - a ring of wizardry
 r - a +6 ring of intelligence
 y - a +5 ring of evasion (right hand)
 K - a ring of see invisible
 M - a ring of ice
 Q - an amulet of reflection (around neck)
 R - a +6 ring of strength
Talismans
 q - a blade talisman
 t - a serpent talisman
 L - a maw talisman
Wands
 u - a wand of light (4)
 v - a wand of charming (14)
 x - a wand of flame (43)
 E - a wand of mindburst (8)
 O - a wand of polymorph (3)
Scrolls
 d - 5 scrolls of fog
 g - a scroll of summoning
 k - 6 scrolls of teleportation
 A - 5 scrolls of blinking
 C - a scroll of revelation
 G - 3 scrolls of fear
 H - a scroll of torment
 J - 2 scrolls of enchant weapon
Potions
 f - a potion of brilliance
 i - a potion of degeneration {unknown}
 j - 2 potions of haste {unknown}
 l - 3 potions of ambrosia
 m - 5 potions of lignification
 n - 3 potions of heal wounds
 o - 2 potions of cancellation {unknown}
 s - 3 potions of might
 z - a potion of magic {unknown}
 B - 3 potions of curing {unknown}
 D - a potion of mutation
 F - 2 potions of enlightenment {unknown}


   Skills:
 + Level 6.9 Fighting
 + Level 10.3 Axes
 + Level 3.9 Throwing
 + Level 6.7 Armour
 + Level 3.5 Dodging
 + Level 2.6 Stealth
 + Level 0.4 Shields
 + Level 6.3 Spellcasting
 + Level 6.9 Fire Magic


You had 20 spell levels left.
You knew the following spells:

 Your Spells              Type           Power      Damage    Failure   Level
a - Scorch                Fire           50%        2d7       6%          2

Your spell library contained the following spells:

 Spells                   Type           Power      Damage    Failure   Level
 Apportation              Tloc           8%         N/A       58%         1
 Necrotise                Necr           16%        1d4       58%         1
 Summon Small Mammal      Summ           16%        N/A       58%         1
 Ensorcelled Hibernation  Hex/Ice        8%         N/A       73%         2
 Passwall                 Tmut/Erth      3%         N/A       73%         2
 Call Canine Familiar     Summ           4%         N/A       91%         3
 Gell's Gravitas          Tloc           4%         N/A       91%         3
 Portal Projectile        Hex/Tloc       8%         N/A       91%         3
 Swiftness                Air            4%         N/A       91%         3
 Teleport Other           Tloc           4%         N/A       91%         3
 Tukima's Dance           Hex            4%         N/A       91%         3
 Leda's Liquefaction      Hex/Erth       2%         N/A       100%        4
 Passage of Golubria      Tloc           4%         N/A       100%        4
 Yara's Violent Unravell  Hex/Tmut       2%         3d3       100%        5
 Dispersal                Tloc           2%         N/A       100%        6


Dungeon Overview and Level Annotations

Branches:
Dungeon (12/15)            Temple (0/1) D:7            Lair (0/5) D:9
  Sewer (visited)         Ossuary (visited)
    Orc: D:9-12

Altars:
Ashenzari
Gozag
Hepliaklqana
Kikubaaqudgha
Makhleb
Nemelex Xobeh
Ru
Sif Muna
Trog
Vehumet
Xom
Jiyva

Shops:
D:11 =

Annotations:
D:9 1 transporter, 1 runed translucent door, Babbit's ghost, novice MiFi


Innate Abilities, Weirdness & Mutations

You have a pair of small antennae on your head.
You are mostly covered in molten scales. (AC +3)
A weak demonic guardian rushes to your aid.
You sometimes gain a little power by taking damage.
Your system is resistant to poisons. (rPois)
You are robust. (+10% HP)
You occasionally shout uncontrollably at your foes.
You are resistant to electric shocks. (rElec)
Your muscles are strong. (Str +4, Int/Dex -1)


Message History

The howler monkey misses you.
A slime creature comes into view.
You slice the howler monkey!! You freeze the howler monkey!
You kill the howler monkey!
You hit the boulder beetle but do no damage.
You slash the very large slime creature!
You freeze the very large slime creature.
Your white imp barely misses the boulder beetle.
You block the boulder beetle's attack.
A very large slime creature splits.
You hit the boulder beetle but do no damage.
You punch the boulder beetle, but do no damage.
The boulder beetle is moderately wounded.
You barely miss the slime creature. You slash the large slime creature!
You freeze the large slime creature.
Your white imp barely misses the boulder beetle.
The boulder beetle bites you but does no damage.
The boulder beetle is burned by your cloak of flames.
The boulder beetle is heavily wounded.
Two slime creatures merge to form a very large slime creature.
The slime creature hits you but does no damage.
The slime creature is burned by your cloak of flames.
The slime creature is lightly wounded.
You slash the boulder beetle! You freeze the boulder beetle.
The boulder beetle is heavily wounded.
You slash the slime creature! You freeze the slime creature.
You slash the very large slime creature!
You freeze the very large slime creature.
Your white imp hits the boulder beetle but does no damage.
The boulder beetle barely misses you.
You hit the boulder beetle. You freeze the boulder beetle.
The boulder beetle is severely wounded.
You hit the slime creature. You freeze the slime creature.
You hit the very large slime creature but do no damage.
The slime creature hits you but does no damage.
The slime creature is burned by your cloak of flames.
The slime creature is heavily wounded.
Your white imp hits the boulder beetle but does no damage.
The boulder beetle barely misses your white imp.
The very large slime creature hits you!!!
You die...

..?................ #
#................... .
##...................
.###............$.......
.#......................
......####..............
........................
...........#...)$)......
.......#..###..5@J......
.<.....##......)BJ......
.##....####.............
.......# #........J....
.......# ...............
#...........#.........##
#...........##....>./.#
#...........##.......#.
............. .......


You could see a boulder beetle (distracted, ally target), a very large slime
creature, 2 slime creatures and a friendly white imp (summoned).

Vanquished Creatures
  The ghost of BroadwayShuffle the Fencer, a journeyman MiBe of Trog (D:10)
  A two-headed ogre (D:11)
  A deep elf pyromancer (D:11)
  2 ugly things (D:11)
  A manticore (D:12)
  2 kobold demonologists
  A komodo dragon (D:10)
  3 trolls
  A hornet (D:9)
  2 slime creatures
  Sigmund (D:3)
  2 wraiths
  2 shadows (D:11)
  7 yaks
  A steam dragon (D:10)
  3 wargs (D:9)
  2 water moccasins
  2 acid dragons
  3 orc warriors
  An ice beast (D:6)
  A black bear (D:7)
  2 ogres
  2 centaurs
  7 kobold brigands
  An elf zombie (D:5)
  A gnoll sergeant (D:8)
  2 bullfrogs
  2 elf skeletons (D:5)
  3 scorpions
  2 water moccasin zombies (Ossuary)
  13 wights
  3 howler monkeys (D:12)
  2 electric eels
  A crimson imp (D:3)
  4 centaur zombies (Ossuary)
  4 hounds
  5 jellies
  2 human zombies (D:5)
  3 bullfrog zombies (Ossuary)
  2 orc priests
  Crazy Yiuf (D:4)
  A gnoll bouda (D:10)
  A human skeleton (D:5)
  3 iguanas
  Terence (D:3)
  11 orc wizards
  Robin (D:3)
  7 gnolls
  A river rat (Sewer)
  8 adders
  A white imp (D:5)
  An ufetubus (D:5)
  5 adder zombies (Ossuary)
  4 worms (Sewer)
  A dart slug (D:2)
  26 orcs
  8 endoplasms
  2 giant cockroaches
  14 goblins
  7 hobgoblins
  2 jackals (D:2)
  11 kobolds
  3 quokkas
  10 ball pythons
  4 bats
  3 frilled lizards
  2 gnoll zombies (Ossuary)
  2 goblin zombies (Ossuary)
  4 hobgoblin zombies (Ossuary)
  An orc skeleton (D:5)
  7 orc zombies
  8 rats
262 creatures vanquished.

Vanquished Creatures (collateral kills)
  A two-headed ogre (D:10)
  2 wights
  A howler monkey (D:12)
  An orc priest (D:5)
  An ogre zombie (Ossuary)
  An orc (D:5)
  A goblin zombie (Ossuary)
  A hobgoblin zombie (Ossuary)
9 creatures vanquished.

Vanquished Creatures (others)
  45 foxfires
45 creatures vanquished.

Grand Total: 316 creatures vanquished

Notes
Turn   | Place    | Note
-------+----------+-------------------------------------------
     0 | D:1      | thirtiethelement the Demonspawn Cinder Acolyte began the
                  | quest for the Orb.
     0 | D:1      | Reached XP level 1. HP: 18/18 MP: 2/2
   191 | D:1      | Gained mutation: You sometimes gain a little power by
                  | taking damage. [demonic ancestry]
   191 | D:1      | Reached XP level 2. HP: 11/24 MP: 3/3
   399 | D:1      | Reached skill level 3 in Axes
   402 | D:1      | Learned a level 2 spell: Scorch
  1268 | D:2      | Gained mutation: You are partially covered in molten
                  | scales. (AC +2) [demonic ancestry]
  1268 | D:2      | Reached XP level 3. HP: 27/29 MP: 1/4
  1902 | D:3      | Noticed Sigmund
  1908 | D:3      | Killed Sigmund
  1909 | D:3      | Reached skill level 1 in Throwing
  1909 | D:3      | Reached skill level 1 in Armour
  1909 | D:3      | Reached XP level 4. HP: 29/35 MP: 2/7
  1909 | D:3      | Reached XP level 5. HP: 34/41 MP: 2/8
  2102 | D:3      | Identified the +1 helmet of Epy Hose {Int+2 Dex+3}
  2102 | D:3      | Noticed Robin
  2106 | D:3      | Killed Robin
  2291 | D:3      | Found a shimmering altar of Xom.
  2292 | D:3      | Found a burning altar of Makhleb.
  2292 | D:3      | Noticed Terence
  2301 | D:3      | Killed Terence
  2302 | D:3      | Reached XP level 6. HP: 28/47 MP: 9/9
  2585 | D:4      | Found an opulent altar of Gozag.
  2651 | D:4      | Found a glowing drain.
  2661 | Sewer    | Entered a sewer
  3043 | Sewer    | Reached skill level 1 in Dodging
  3043 | Sewer    | Gained mutation: A weak demonic guardian rushes to your
                  | aid. [demonic ancestry]
  3043 | Sewer    | Reached XP level 7. HP: 10/53 MP: 9/11
  3858 | D:4      | Reached skill level 1 in Stealth
  4332 | D:4      | Found a runed translucent door.
  4333 | D:4      | Noticed Crazy Yiuf
  4470 | D:4      | Killed Crazy Yiuf
  4471 | D:4      | Reached skill level 4 in Axes
  4585 | D:5      | Entered Level 5 of the Dungeon
  4599 | D:5      | Reached XP level 8. HP: 55/60 MP: 10/13
  4735 | D:5      | Found a sand-covered staircase.
  4759 | Ossuary  | Entered an ossuary
  4851 | Ossuary  | Reached skill level 5 in Axes
  5042 | Ossuary  | Reached skill level 6 in Axes
  5078 | Ossuary  | Noticed a silent spectre
  5112 | Ossuary  | Identified the +8 chain mail "Ribukea" {Dex+3}
  5284 | D:5      | Found a broken altar of Ashenzari.
  5323 | D:5      | Gained mutation: You are mostly covered in molten scales.
                  | (AC +3) [demonic ancestry]
  5323 | D:5      | Reached XP level 9. HP: 47/66 MP: 14/14
  5704 | D:6      | Reached skill level 7 in Axes
  5754 | D:6      | Found a radiant altar of Vehumet.
  6013 | D:6      | Reached skill level 5 in Fighting
  6018 | D:6      | Gained mutation: You have a somewhat thin skeletal
                  | structure. (Dex +2, Stealth+) [potion of mutation]
  6018 | D:6      | Gained mutation: Potions are less effective at restoring
                  | your health. [potion of mutation]
  6019 | D:6      | Lost mutation: You have a somewhat thin skeletal structure.
                  | (Dex +2, Stealth+) [potion of mutation]
  6019 | D:6      | Lost mutation: Potions are less effective at restoring your
                  | health. [potion of mutation]
  6019 | D:6      | Gained mutation: You are resistant to electric shocks.
                  | (rElec) [potion of mutation]
  6019 | D:6      | Gained mutation: You occasionally shout uncontrollably at
                  | your foes. [potion of mutation]
  6019 | D:6      | Gained mutation: Your muscles are strong. (Str +4, Int/Dex
                  | -1) [potion of mutation]
  6019 | D:6      | Gained mutation: You have hidden genetic potential. [potion
                  | of mutation]
  6478 | D:7      | Reached skill level 5 in Fire Magic
  7284 | D:7      | Found a staircase to the Ecumenical Temple.
  7490 | D:8      | Found a bloodstained altar of Trog.
  7512 | D:8      | Found an ancient bone altar of Kikubaaqudgha.
  7641 | D:8      | Reached skill level 5 in Spellcasting
  8054 | D:8      | Gained mutation: You have a pair of small antennae on your
                  | head. [demonic ancestry]
  8054 | D:8      | Reached XP level 10. HP: 65/74 MP: 17/17
  8537 | D:9      | Found a transporter.
  8537 | D:9      | Found a transporter.
  8602 | D:9      | Found a staircase to the Lair.
  8609 | D:9      | Paralysed by a hornet for 3 turns
  8610 | D:9      | Reached skill level 8 in Axes
  8618 | D:9      | Gained mutation: You are robust. (+10% HP) [hidden
                  | potential]
  8922 | D:9      | Found a runed translucent door.
  8922 | D:9      | Noticed Babbit's ghost (novice MiFi)
  9137 | D:9      | Found a sparkling altar of Nemelex Xobeh.
  9376 | D:9      | Found a shimmering blue altar of Sif Muna.
  9566 | D:9      | Noticed a soul eater
  9830 | D:10     | Entered Level 10 of the Dungeon
  9964 | D:10     | Noticed a two-headed ogre
  9980 | D:10     | Killed a two-headed ogre
  9981 | D:10     | Reached skill level 9 in Axes
  9981 | D:10     | Reached skill level 5 in Armour
 10483 | D:10     | Found a sacrificial altar of Ru.
 10715 | D:10     | Identified the +7 trident of Bugoqast {antimagic, Will+
                  | Str+4 SInv}
 10979 | D:10     | Found a runed translucent door.
 11139 | D:10     | Found a hazy altar of Hepliaklqana.
 11621 | D:10     | Noticed BroadwayShuffle's ghost (journeyman MiBe)
 11642 | D:10     | Killed BroadwayShuffle's ghost
 11643 | D:10     | Reached XP level 11. HP: 65/86 MP: 16/20
 11857 | D:11     | Found a viscous altar of Jiyva.
 11873 | D:11     | Noticed a two-headed ogre
 11883 | D:11     | Killed a two-headed ogre
 11900 | D:11     | Gained mutation: Your system is resistant to poisons.
                  | (rPois) [hidden potential]
 11900 | D:11     | Lost mutation: You have hidden genetic potential. [hidden
                  | potential expressed]
 11955 | D:11     | Noticed a deep elf pyromancer
 11962 | D:11     | Killed a deep elf pyromancer
 12374 | D:11     | Found Jeips's Jewellery Emporium.
 12381 | D:11     | Bought an amulet of reflection for 450 gold pieces
 12779 | D:11     | Noticed a white ugly thing
 12787 | D:11     | Killed a cyan ugly thing
 12958 | D:12     | Noticed a brown ugly thing
 12983 | D:11     | Killed a brown ugly thing
 12984 | D:11     | Reached skill level 10 in Axes
 13252 | D:12     | Noticed a boulder beetle
 13276 | D:12     | Demolished by a very large slime creature

Illustrated notes

Levels and vault maps discovered:
D:1:      dpeg_arrival_central, layout_basic
D:2:      layout_basic
D:3:      layout_basic, grunt_temple_overflow_champion_of_chaos, uniq_sigmund,
          uniq_robin, uniq_terence
D:4:      layout_loops_ring, mainiacjoe_overflow_small_starburst,
          portal_sewer_entry_d, uniq_crazy_yiuf_cottage
D:5:      cheibrodos_quashed, layout_rooms, lemuel_crystal_altar, serial_glass,
          glass_columns_a, glass_columns_a, glass_columns_b, glass_columns_a,
          glass_columns_a, glass_columns_a, glass_columns_a, glass_columns_c,
          nicolae_ossuary_entry_catacombs
D:6:      layout_cave_pools, mainiacjoe_overflow_cross_hatched,
          nicolae_elyvilon_temple_path
D:7:      layout_rooms, marbit_many_paths, minmay_temple_entry_ruins,
          chequers_serial_rivers_micro_d, serial_park_tiny_2
D:8:      layout_basic, mainiacjoe_overflow_large_starburst
D:9:      layout_grid_maze, nemelex_xobeh_ov_fountains_minmay,
          kennysheep_orc_sif_temple, erik_lair_orcish_takeover,
          hellmonk_ghost_big_iron, nicolae_diode_stairs
D:10:     layout_layer_cave, chequers_temple_overflow_statue_of_worship,
          mainiacjoe_overflow_alcove_2, ebering_ghost_reflecting_pool
D:11:     layout_grid_maze, serial_shops, shop_fountains, minivault_1,
          jiyva_altar_1
D:12:     layout_cave_pools, orc_0_dummy, minmay_tree_intersection,
          minmay_misc_feat_enclosed

Skill      XL: |  1  2  3  4  5  6  7  8  9 10 11 |
---------------+----------------------------------+-----
Axes           | 3 4 6 7 9 10 | 10.3
Fire Magic     | 3 4 5 6 |  6.9
Throwing       | 1 2 3 |  3.9
Armour         | 1 2 3 5 6 |  6.7
Spellcasting   | 2 3 5 6 |  6.3
Dodging        | 1 2 3 |  3.5
Stealth        | 1 2 |  2.6
Fighting       | 4 5 6 |  6.9
Shields        | |  0.4

Action                     |  1- 3 |  4- 6 |  7- 9 | 10-12 || total
---------------------------+-------+-------+-------+-------++-------
  Melee: Hand axe          |    58 |    66 |   431 |       ||   555
         Punch             |     2 |       |     4 |     2 ||     8
         War axe           |       |       |    37 |   187 ||   224
  Throw: Boomerang         |    24 |    30 |    29 |    13 ||    96
   Cast: Scorch            |    18 |    10 |    64 |    27 ||   119
 Invoke: Fiery Armour      |     1 |     2 |     1 |     2 ||     6
         Foxfire Swarm     |       |     1 |     2 |       ||     3
    Use: Scroll            |       |       |    13 |     6 ||    19
         Potion            |       |       |     2 |       ||     2
   Stab: Sleeping          |       |       |     3 |       ||     3
         Distracted        |       |       |     1 |       ||     1
 Armour: Robe              |     7 |       |    93 |       ||   100
         Leather armour    |     7 |    27 |    17 |       ||    51
         Chain mail        |       |       |   141 |   155 ||   296
  Dodge: Dodged            |    49 |    39 |   254 |   121 ||   463
  Block: Other             |       |       |       |    17 ||    17

Table legend: (Time is in decaauts)
 A = Elapsed time spent in this place.
 B = Non-inter-level travel time spent in this place.
 C = Inter-level travel time spent in this place.
 D = Time resting spent in this place.
 E = Time spent auto-exploring this place.
 F = Levels seen in this place.
 G = Mean time per level.
                   A        B        C        D        E       F      G
               +--------+--------+--------+--------+--------+-----+--------+
         Total |  13522 |  13315 |    207 |   1026 |   9822 |  14 |  965.9 |
       Dungeon |  11793 |  11586 |    207 |    941 |   8780 |  12 |  982.8 |
         Sewer |   1356 |   1356 |      0 |      0 |   1042 |   1 | 1356.0 |
       Ossuary |    372 |    372 |      0 |     85 |      0 |   1 |  372.0 |
               +--------+--------+--------+--------+--------+-----+--------+

Top non-repeatable levels by time:
    D:10: 1905 daAuts
    D:11: 1441 daAuts
   Sewer: 1356 daAuts
     D:9: 1302 daAuts
     D:1: 1125 daAuts
     D:8: 1082 daAuts
     D:7: 945 daAuts
     D:6: 943 daAuts
     D:4: 887 daAuts
     D:3: 732 daAuts
     D:2: 701 daAuts
     D:5: 617 daAuts
 Ossuary: 372 daAuts
    D:12: 108 daAuts
